AoeStats
← Comend x comend

Nomad

510193588Analyzed
4v4 RM · 19h ago on Sep 29, 2026· 37m 44s· 8 players
Game mode
Random Map
Map size
231×231
Population
200
Speed
Normal
Resources
Standard
Victory
Conquest
Starting age
Dark Age
Ending age
Imperial Age
RankedLock teamsTeams togetherTeam positionsShared explorationLock speedFull tech treeHidden civsTurbo modeCheats
Victory
Defeat
🇺🇸 Chinese · United States
1500
+12
🇺🇸 Mongols · United States
1481
+13
🇵🇪 Chinese · Peru
1392
+17
🇨🇱 Chinese · Chile
1384
+17
🇵🇪 Danes · Peru
1469
-16
🇦🇷 Mongols · Argentina
1435
-16
🇦🇷 Malians · Argentina
1389
-14
🇦🇷 Varangians · Argentina
1373
-13
PIPO GOROSITO
4:48 Loom
15:59 Feudal Age
20:10 Castle Age
19:04 Stone Mining
22:52 Stone Shaft Mining
23:09 Horse Collar
28:24 Padded Archer Armor
28:30 Scale Mail Armor
31:25 Forging
32:56 Squires
32:41 Arson
33:51 Iron Casting
33:31 Chain Mail Armor
37:34 Wheelbarrow
gg_noteam
3:50 Loom
15:16 Feudal Age
19:23 Castle Age
17:30 Town Watch
20:52 Double-Bit Axe
23:01 Scale Mail Armor
33:48 Wheelbarrow
35:40 Gold Mining
38:28 Imperial Age
Speaker
3:07 Loom
12:34 Feudal Age
19:08 Castle Age
18:07 Town Watch
21:07 Wheelbarrow
30:32 Padded Archer Armor
31:09 Fletching
30:42 Elite Skirmisher
34:14 Double-Bit Axe
36:25 Horse Collar
37:37 Leather Archer Armor
Leandro Pared10s
8:57 Loom
13:42 Feudal Age
17:24 Castle Age
16:21 Double-Bit Axe
17:01 Fletching
17:32 Demolition Ship
21:47 Bodkin Arrow
21:41 Fishing Lines
23:17 Town Watch
25:24 Padded Archer Armor
26:52 Gold Mining
27:19 Bow Saw
27:33 Leather Archer Armor
27:31 Bloodlines
27:18 Stone Mining
27:32 Husbandry
28:45 Wheelbarrow
30:08 Horse Collar
36:31 Imperial Age
36:01 Ballistics
36:13 Thumb Ring
YOGRANNYCANTSCRAP
6:33 Loom
14:02 Feudal Age
18:00 Castle Age
20:42 Fletching
21:57 Bodkin Arrow
22:05 Stone Mining
31:24 Wheelbarrow
34:38 Imperial Age
33:17 Ballistics
34:37 Padded Archer Armor
36:42 Elite Mangudai
38:39 Chemistry
The Daunting Knight
3:13 Loom
13:46 Feudal Age
14:27 Double-Bit Axe
14:37 Gold Mining
17:41 Fishing Lines
20:08 Castle Age
18:36 Stone Mining
19:39 Forging
19:22 Fletching
21:42 Stone Shaft Mining
21:42 Gold Shaft Mining
21:24 Bow Saw
21:24 Gillnets
22:07 Bodkin Arrow
23:23 Padded Archer Armor
26:27 Ballistics
26:30 Leather Archer Armor
29:54 Horse Collar
30:36 Heavy Plow
35:28 Imperial Age
34:02 Wheelbarrow
36:10 Forging
36:00 Scale Mail Armor
36:13 Forging
36:08 Scale Barding Armor
36:04 Murder Holes
36:52 Conscription
35:55 Elite Chu Ko Nu
36:55 Conscription
36:42 Bracer
37:22 Hand Cart
37:58 Iron Casting
37:53 Ring Archer Armor
38:23 Rocketry
38:04 Great Wall
Comend x comend
2:54 Loom
13:07 Feudal Age
13:43 Double-Bit Axe
19:21 Castle Age
20:46 Bow Saw
20:25 Horse Collar
21:27 Stone Mining
22:56 Stone Shaft Mining
23:00 Wheelbarrow
22:12 Town Watch
34:13 Imperial Age
34:24 Hand Cart
35:08 Heavy Plow
35:25 Forging
35:16 Padded Archer Armor
35:06 Fletching
CumanoBorracho92
3:08 Loom
13:30 Feudal Age
14:23 Town Watch
15:39 Double-Bit Axe
19:42 Castle Age
18:22 Horse Collar
18:36 Gold Mining
20:35 Bow Saw
20:47 Scale Mail Armor
22:56 Fletching
23:33 Bodkin Arrow
24:05 Crossbowman
30:54 Wheelbarrow
31:55 Ballistics
33:49 Hand Cart
37:52 Imperial Age
36:17 Fervor
36:28 Sanctity
36:43 Padded Archer Armor
36:58 Thumb Ring
38:23 Great Wall
Connection lost

Rejoining the realm…

Still unreachable

The connection could not be restored.

Session expired

The server has moved on; the page needs a fresh start.